Unix NetHack Version 5.0.0-0 post-release - last build May  4 2026 22:22:43 (774f63e81ad911689b3a0859ea89b322d5daca8d,branch:main).

Game began 2026-05-06 18:12:43, ended 2026-05-06 18:32:48.

Brudee, neutral female gnomish Healer

               ------
               |.Ga..f
               |..af|#
               |....|
               |...a|
               |....|
               ------

Brudee the Empiric           St:8 Dx:11 Co:14 In:9 Wi:18 Ch:16  Neutral S:624
Dlvl:5  $:686 HP:0(33) Pw:2(44) AC:1  Xp:4/97 T:1269  Burdened

Latest messages:
 The killer bee just misses!
 The kitten misses the killer bee.
 The killer bee misses!
 You hit the killer bee!
 The killer bee turns to flee.
 The kitten misses the killer bee.
 The killer bee stings!
 The killer bee misses!
 You miss the killer bee.
 You see the cave spider hide under a corpse.
 The cave spider emerges from hiding.
 The kitten misses the cave spider.
 The killer bee stings!
 The killer bee stings!
 You miss the killer bee.
 The cave spider bites!
 The kitten misses the cave spider.
 The killer bee stings!
 The kitten misses the cave spider.
 The cave spider misses!
 The kitten misses the cave spider.
 The killer bee stings!
 The kitten misses the cave spider.
 You miss the killer bee.
 The cave spider bites!
 The kitten misses the cave spider.
 The killer bee stings!
 The kitten misses the cave spider.
 The killer bee misses!
 You miss the killer bee.
 The cave spider bites!
 The kitten misses the cave spider.
 The killer bee misses!
 The kitten misses the cave spider.
 You hit the killer bee!
 The cave spider bites!
 The kitten misses the cave spider.
 The killer bee misses!
 The killer bee stings!
 The cave spider bites!
 The kitten bites the cave spider.
 The cave spider is killed!
 The killer bee stings!
 The kitten misses the giant ant.
 The killer bee misses!
 The giant ant bites!
 You die...
 Do you want your possessions identified? [ynq] (y) y
 Do you want to see your attributes? [ynq] (y) y
 Do you want an account of creatures vanquished? [ynaq] (y) q

Inventory:
 Coins    ('$')
  $ - 686 gold pieces
 Weapons  (')')
  m - 4 +0 darts (at the ready)
  a - a +2 scalpel (weapon in right hand)
 Armor    ('[')
  b - an uncursed +1 pair of leather gloves (being worn)
  D - an uncursed +0 crystal plate mail (being worn)
 Comestibles  ('%')
  j - 5 uncursed apples
  o - an uncursed cream pie
  n - an uncursed food ration
  r - 2 uncursed lichen corpses
 Scrolls  ('?')
  A - an uncursed scroll of amnesia
  w - an uncursed scroll of remove curse
  p - a blessed scroll of taming
 Potions  ('!')
  e - 4 uncursed potions of extra healing
  t - 2 blessed potions of healing
  d - 5 uncursed potions of healing
  C - an uncursed potion of healing
 Rings    ('=')
  B - an uncursed ring of polymorph control
 Tools    ('(')
  k - an uncursed lock pick
  c - an uncursed stethoscope
 Gems/Stones  ('*')
  G - 2 uncursed touchstones

Brudee the Healer's attributes:

Background:
 You were an Empiric, a level 4 female gnomish Healer.
 You were neutral, nominally on a mission for Hermes
 who was opposed by Athena (lawful) and Poseidon (chaotic).
 You were right-handed.
 You were in the Dungeons of Doom, on level 5.
 You entered the dungeon 1269 turns ago.
 You had 97 experience points, 63 more were needed to attain level 5.
 Your score was 624 before end-of-game adjustments.

Basics:
 You had 0 out of 33 hit points.
 You had 2 out of 44 energy points (spell power).
 Your armor class was 1.
 Your wallet contained 686 zorkmids.
 Autopickup was on for '$"?+!=/' plus thrown.

Final Characteristics:
 Your strength was 8 (limit:18/50).
 Your dexterity was 11 (limit:18).
 Your constitution was 14 (limit:18).
 Your intelligence was 9 (limit:19).
 Your wisdom was 18 (limit:18).
 Your charisma was 16 (limit:18).

Final Status:
 You weren't hungry.
 You were burdened; movement was slightly slowed.
 You were wielding a knife.
 You had basic skill with knife.

Final Attributes:
 You were devoutly aligned.
 You were poison resistant.
 You had infravision.
 You were guarded.
 You are dead.

Miscellaneous:
 You encountered 1 bones level.
 Total elapsed playing time was 20 minutes and 3 seconds.

Major events:
 Turn
    1: Brudee the neutral female gnomish Healer entered the dungeon
  663: attained the rank of Empiric (level 3)
 1269: killed by a giant ant

Spells:
 Name                 Level Category     Fail Retention
 healing                1   healing        0%  91%-100%
 extra healing          3   healing        0%  91%-100%
 stone to flesh         3   healing        0%  91%-100%

Skills:
 Fighting Skills
   bare handed combat [Unskilled]
 Weapon Skills
   dagger             [Unskilled]
   knife              [Basic]
   short sword        [Unskilled]
   saber              [Unskilled]
   club               [Unskilled]
   mace               [Unskilled]
   quarterstaff       [Unskilled]
   polearms           [Unskilled]
   spear              [Unskilled]
   trident            [Unskilled]
   sling              [Unskilled]
   dart               [Unskilled]
   shuriken           [Unskilled]
   unicorn horn       [Unskilled]
 Spellcasting Skills
   healing spells     [Basic]

Voluntary challenges:
 Character rerolling was not enabled.
 You were an atheist.
 You never genocided any monsters.
 You never polymorphed an object.
 You never changed form.
 You used no wishes.
Achievements:
 You attained the rank of Empiric.
 You entered a shop.

 The Dungeons of Doom: levels 1 to 5
    Level 1:
    Level 2:
    Level 3:
    Level 4:
       A general store.
    Level 5: <- You were here.
       Final resting place for
          you, killed by a giant ant,
          2459783kj-Sam-Hum-Fem-Law, killed by a killer bee.


Vanquished creatures:
  a shrieker
  a giant ant
  a homunculus
  a kobold shaman
  a dwarf zombie
  3 killer bees
  a hobbit
  a cave spider
  a green mold
  2 gnome zombies
  a gecko
  a jackal
  a kobold
  a goblin
  a grid bug
  2 lichens
  a kobold zombie
  2 newts
23 creatures vanquished.

No species were genocided or became extinct.

Game over:
                       ----------
                      /          \
                     /    REST    \
                    /      IN      \
                   /     PEACE      \
                  /                  \
                  |      Brudee      |
                  |      686 Au      |
                  |   killed by a    |
                  |    giant ant     |
                  |                  |
                  |                  |
                  |       2026       |
                 *|     *  *  *      | *
        _________)/\\_//(\/(/\)/\//\/|_)_______

Goodbye Brudee the Healer...

You died in The Dungeons of Doom on dungeon level 5 with 624 points,
and 686 pieces of gold, after 1269 moves.
You were level 4 with a maximum of 33 hit points when you died.

